 Dungeon Crawl Stone Soup version 0.24.0-125-gc4c63601f3 (webtiles) character file.

Game seed: 314942659854653453, levelgen mode: deterministic

32 cvulpes the Ducker (level 3, -4/16 HPs)
             Began as a Felid Skald on Mar 6, 2020.
             Killed from afar by an orc wizard (8 damage)
             ... with a magic dart
             ... on level 3 of the Dungeon on Mar 21, 2020.
             The game lasted 00:24:29 (3727 turns).

cvulpes the Ducker (Felid Skald)                    Turns: 3727, Time: 00:24:30

Health: -4/16      AC:  1    Str:  7    XL:     3   Next: 10%
Magic:  7/7        EV: 20    Int: 14    God:
Gold:   107        SH:  0    Dex: 16    Spells: 0/6 levels left
                                        Lives:  0   Deaths: 1

rFire    . . .     SeeInvis +     - Unarmed
rCold    + . .     Gourm    .   (shield unavailable)
rNeg     . . .     Faith    .   (armour unavailable)
rPois    .         Spirit   .   (helmet unavailable)
rElec    .         Reflect  .   (cloak unavailable)
rCorr    .         Harm     .   (gloves unavailable)
MR       .....     Rnd*Tele +   (boots unavailable)
Stlth    +++.......             m - amulet of magic regeneration
HPRegen  0.05/turn              w - ring of teleportation
MPRegen  0.35/turn              p - ring of protection from cold

@: quick
A: very small, no armour, no weapons or thrown items, stealth, claws 1, fangs 3,
see invisible, carnivore, speed 1, shaggy fur 1, slow metabolism 1, sharp paws
a: no special abilities


You were on level 3 of the Dungeon.
You were not hungry.

You visited 1 branch of the dungeon, and saw 4 of its levels.

You collected 107 gold pieces.

Inventory:

Hand Weapons
 c - a +0 dagger
 e - a +0 dagger
 f - a +0 whip
 g - a +0 club
 q - a +1 dagger of speed
Armour
 a - a +0 chain mail
 h - a +0 scale mail
Jewellery
 m - an amulet of magic regeneration (around neck)
 p - a ring of protection from cold (right paw)
 w - a ring of teleportation (left paw)
Scrolls
 i - a scroll of remove curse
 k - a scroll of identify {unknown}
 n - 2 scrolls of teleportation {unknown}
 r - a scroll of fear {unknown}
 u - a scroll of blinking {unknown}
 v - a scroll of amnesia {unknown}
 y - 2 scrolls of noise {unknown}
 B - a scroll of magic mapping {unknown}
Potions
 d - 3 potions of brilliance {unknown}
 j - 2 potions of heal wounds {unknown}
 l - a potion of degeneration {unknown}
 o - 2 potions of lignification {unknown}
 t - a potion of resistance {unknown}
 x - 2 potions of mutation {unknown}
 z - a potion of haste {unknown}
 A - a potion of might
Comestibles
 b - 6 rations


   Skills:
 * Level 2.2 Fighting
 * Level 4.8 Dodging
 * Level 2.3 Stealth
 - Level 2.0 Unarmed Combat
 - Level 2.0 Spellcasting
 + Level 4.3 Charms
 + Level 0.1 Necromancy


You couldn't memorise any spells.
You knew the following spells:

 Your Spells              Type           Power        Failure   Level  Hunger
a - Infusion              Chrm           ##..         4%          1    ##.....
b - Regeneration          Chrm/Necr      #.........   28%         3    ####...
c - Song of Slaying       Chrm           ##......     6%          2    ###....

Your spell library contained the following spells:

 Spells                   Type           Power        Failure   Level  Hunger
 Shroud of Golubria       Chrm/Tloc      #.....       16%         2    ###....
 Animate Skeleton         Necr           N/A          22%         1    ##.....
 Apportation              Tloc           #.....       24%         1    ##.....
 Confusing Touch          Hex            #.....       24%         1    ##.....
 Summon Small Mammal      Summ           #...         24%         1    ##.....
 Spectral Weapon          Hex/Chrm       Unusable     N/A         3    N/A

Dungeon Overview and Level Annotations

Branches:
Dungeon (4/15)
 Temple: D:4-7

Altars:
Zin


Innate Abilities, Weirdness & Mutations

You cannot wear armour.
You are incapable of wielding weapons or throwing items.
Your paws allow you to move quietly. (Stealth)
You have sharp claws.
You have razor-sharp teeth.
You have supernaturally acute eyesight. (SInv)
You are carnivorous and can eat meat at any time.
You cover ground quickly.
You are covered in fur. (AC +1)
You have a slow metabolism.
Your sharp claws are effective at attacking unaware monsters.


Message History

You closely miss the orc wizard.
The orc wizard is moderately wounded.
The orc wizard hits you with a +0 dagger!
You barely miss the orc wizard.
The orc wizard is moderately wounded.
The orc wizard hits you with a +0 dagger.
* * * LOW HITPOINT WARNING * * *
You are too injured to fight recklessly!
You are too injured to fight recklessly!
The orc wizard casts a spell at you.
You are confused.
You're too confused to move!
You bump into the rock wall.
You're too confused to move!
The orc wizard misses you.
You feel less confused. The orc wizard completely misses you.
The orc wizard gestures at you while chanting.
The magic dart hits you!
Ouch! That really hurt!
You die...

# .. .## # #......####...# ## .#
# .####....### ###.## .# .#
....#.#...# #÷.# .## .#
#...#.#...# ##.## ..# ##.#
#..#..###.#### ### #.###..#
###....# ....# ##.. ..#...##
##....o.## ##.###..# ....###
#..##....# #.##..## ....#
###.#>@..#.#####.#..## ....#
###.....##.......÷....###
#...#####...#......≈≈≈≈≈.≈≈≈≈....
#.........#....###.≈≈≈≈≈.≈≈≈≈..##
####.##.....#.####.≈≈≈≈≈.≈≈≈≈..#
####.##............≈≈≈≈≈.≈≈≈≈..#
#........................≈≈≈≈..#
..##.......###.....≈≈≈≈........#
###........# #.....≈≈≈≈.≈≈≈≈≈..#


You could see an orc wizard (invisible).

Vanquished Creatures
  2 adders (D:3)
  An ooze (D:1)
  2 dart slugs
  2 leopard geckos
  An orc (D:3)
  A ball python (D:2)
  2 giant cockroaches
  4 goblins
  8 hobgoblins
  8 bats
  5 frilled lizards
  6 kobolds
  3 rats (D:1)
45 creatures vanquished.

Notes
Turn   | Place    | Note
-------+----------+-------------------------------------------
     0 | D:1      | cvulpes the Felid Skald began the quest for the Orb.
     0 | D:1      | Reached XP level 1. HP: 9/9 MP: 4/4
   168 | D:1      | Reached skill level 1 in Stealth
   176 | D:1      | Reached XP level 2. HP: 9/13 MP: 6/6
  1419 | D:2      | Reached XP level 3. HP: 15/16 MP: 7/7
  1435 | D:2      | You fall into a shaft and drop 2 floors!
  2173 | D:2      | Learned a level 3 spell: Regeneration
  2181 | D:2      | Learned a level 2 spell: Song of Slaying
  2518 | D:2      | Found a glowing silver altar of Zin.
  3159 | D:3      | Reached XP level 4. HP: 19/19 MP: 8/8
  3684 | D:3      | Killed from afar by an orc wizard
  3685 | D:3      | Reached XP level 3. HP: -5/16 MP: 7/7
  3727 | D:3      | Killed from afar by an orc wizard

Levels and vault maps discovered:
D:1:      minmay_arrival_diagonal_passages, layout_basic
D:2:      layout_basic, lemuel_round_altar
D:3:      layout_rooms, minivault_14
D:4:      layout_rooms, uniq_duvessa

Skill      XL: |  1  2  3 |
---------------+----------+-----
Stealth        | 1 2 |  2.3
Charms         | 4 |  4.3
Dodging        | 4 |  4.8
Fighting       | |  2.2
Unarmed Combat | |  2.0
Spellcasting   | |  2.0
Necromancy     | |  0.1

Action                   |  1- 3 |  4- 6 || total
-------------------------+-------+-------++-------
Melee: Unarmed           |   156 |    38 ||   194
       Bite              |    10 |     1 ||    11
       Punch             |     2 |       ||     2
 Cast: Regeneration      |     2 |     1 ||     3
       Infusion          |     2 |       ||     2
       Song of Slaying   |     2 |       ||     2
  Use: Scroll            |     1 |       ||     1
 Stab: Sleeping          |     5 |       ||     5
  Eat: Chunk             |    12 |     1 ||    13
Armor: Skin              |    15 |     1 ||    16
Dodge: Dodged            |   209 |    26 ||   235
